 Dungeon Crawl Stone Soup version 0.27.0-1-g7a089689b8 (webtiles) character file.

Game seed: 14897725127489877228

1351 Sabo the Chopper (level 8, -6/55 (58) HPs)
             Began as a Demonspawn Gladiator on Aug 14, 2021.
             Was a Believer of Qazlal.
             Mangled by an ice beast (13 damage)
             ... on level 6 of the Dungeon.
             The game lasted 00:32:28 (6782 turns).

Sabo the Chopper (Demonspawn Gladiator)             Turns: 6782, Time: 00:32:29

HP:   -6/55 (58)    AC: 13    Str: 15    XL:     8   Next: 36%
MP:   8/8           EV:  8    Int: 11    God:    Qazlal [**....]
Gold: 145           SH:  8    Dex: 15    Spells: 7/7 levels left

rFire    . . .     SeeInvis .   a - +0 war axe
rCold    . . .     Faith    .   (no shield)
rNeg     . . .     Spirit   .   f - +0 chain mail
rPois    +         Reflect  +   (helmet restricted)
rElec    .         Harm     .   w - scarf {repulsion}
rCorr    .         Rampage  .   (no gloves)
Will     .....                  c - +0 pair of boots
Stlth    ..........             v - amulet of reflection
HPRegen  0.18/turn              e - ring of poison resistance
MPRegen  0.11/turn              q - +4 ring of slaying

@: drained, repel missiles
A: antennae 1, icy blue scales 1, spiny 2
a: Renounce Religion, Upheaval


You were on level 6 of the Dungeon.
You worshipped Qazlal.
Qazlal was pleased with you.
You visited 1 branch of the dungeon, and saw 6 of its levels.

You collected 235 gold pieces.
You spent 90 gold pieces at shops.

Inventory:

Hand Weapons
 a - a +0 war axe (weapon)
 i - a +1 vampiric dagger
 C - a +0 lajatang
Missiles
 d - 3 throwing nets
 g - 4 javelins (quivered)
 j - 41 sling bullets
 k - 5 curare-tipped darts
 p - 47 bolts
 r - 12 poisoned darts
Armour
 c - a +0 pair of boots (worn)
 f - a +0 chain mail (worn)
 w - a scarf of repulsion (worn)
Jewellery
 e - a ring of poison resistance (left hand)
 q - a +4 ring of slaying (right hand)
 v - an amulet of reflection (around neck)
Wands
 x - a wand of charming (6)
Scrolls
 b - a scroll of teleportation
 h - a scroll of summoning
 l - 3 scrolls of enchant weapon
 m - a scroll of silence
 t - a scroll of vulnerability {unknown}
 y - a scroll of acquirement {unknown}
 z - a scroll of magic mapping {unknown}
 A - a scroll of enchant armour {unknown}
Potions
 n - a potion of brilliance {unknown}
 o - a potion of heal wounds {unknown}
 s - a potion of haste {unknown}
 B - a potion of flight {unknown}
 D - a potion of magic {unknown}


   Skills:
 + Level 3.2 Fighting
 + Level 5.9 Axes
 + Level 2.0 Throwing
 + Level 5.1 Armour
 + Level 4.3 Dodging
 + Level 2.2 Stealth
 + Level 2.2 Shields


You had 7 spell levels left.
You didn't know any spells.
Your spell library contained the following spells:

 Spells                   Type           Power      Damage    Failure   Level
 Animate Skeleton         Necr           0%         N/A       99%         1
 Apportation              Tloc           0%         N/A       99%         1
 Corona                   Hex            0%         N/A       99%         1
 Summon Small Mammal      Summ           0%         N/A       99%         1
 Passwall                 Tmut/Erth      0%         N/A       100%        2
 Call Canine Familiar     Summ           0%         N/A       100%        3
 Portal Projectile        Hex/Tloc       0%         N/A       100%        3
 Swiftness                Air            0%         N/A       100%        3
 Leda's Liquefaction      Hex/Erth       0%         N/A       100%        4
 Invisibility             Hex            0%         N/A       100%        6


Dungeon Overview and Level Annotations

Branches:
Dungeon (6/15)
 Temple: D:4-7

Altars:
Cheibriados
Elyvilon
Hepliaklqana
Kikubaaqudgha
Qazlal
Xom
Zin
The Shining One


Innate Abilities, Weirdness & Mutations

You have a pair of small antennae on your head.
You are partially covered in icy blue scales. (AC +2)
You are mostly covered in sharp spines.


Message History

The wight hits you with a +3 hand axe. You block the wight's attack.
You barely miss the ice beast.
The ice beast is moderately wounded.
You closely miss the wight. You hit the wight. You closely miss the wight.
The ice beast hits you but does no damage.
You block the wight's attack. The wight is struck by your spines.
The wight hits you with a +2 vorpal falchion!
* * * LOW HITPOINT WARNING * * *
The wight hits you but does no damage. The wight is struck by your spines.
You destroy the wight!
Qazlal accepts your kill.
You slash the ice beast!
The ice beast is severely wounded.
You hit the wight. You barely miss the wight.
The ice beast hits you but does no damage.
The wight is struck by your spines.
You destroy the wight!
Qazlal accepts your kill. The wight is struck by your spines.
The wight hits you with a +2 vorpal falchion!
* * * LOW HITPOINT WARNING * * *
You feel drained.
* * * LOW HITPOINT WARNING * * *
x2 You block the wight's attack.
You feel better.
The ice beast hits you but does no damage.
You block the wight's attack.
The wight hits you from afar with a +0 trident.
* * * LOW HITPOINT WARNING * * *
Okay, then.
You hit the ice beast.
The ice beast is severely wounded.
You hit the wight but do no damage.
The ice beast hits you but does no damage.
You block the wight's attack. The wight hits you but does no damage.
You block the wight's attack. The wight hits you but does no damage.
The ice beast hits you.
* * * LOW HITPOINT WARNING * * *
The ice beast freezes you!
You die...

######### ##...#...#
##).#).#..###
..#.)#..#.._# #####
.#)#..#..#.## #.....
.##..###..## ####......
..######### .........
......##.## ##°z......
....#.....# ###.@Yz....>
.....###..###..)#.......
..............###.......
.......#..##### #......
....##.#....# #.....
...###....#.# ####. ##.#
#......###.. #.#
#.#......... .##
###...###+##


You could see an ice beast and 2 wights.

Vanquished Creatures
  A water moccasin (D:5)
  An ice beast (D:5)
  A sky beast (D:5)
  A black bear (D:4)
  2 ogres
  A phantom (D:5)
  2 scorpions (D:5)
  A gnoll sergeant (D:6)
  A jelly (D:5)
  2 wights (D:6)
  A hound (D:5)
  A bullfrog skeleton (D:4)
  7 orc wizards
  Terence (D:2)
  A hound zombie (D:5)
  3 gnolls (D:6)
  4 adders
  4 worms
  2 dart slugs
  5 orcs
  10 ball pythons
  2 bats (D:1)
  4 endoplasms
  A giant cockroach (D:4)
  4 goblins
  3 hobgoblins
  10 jackals
  2 quokkas (D:2)
  2 frilled lizards
  8 kobolds
  5 rats
93 creatures vanquished.

Vanquished Creatures (others)
  5 plants (D:5)
5 creatures vanquished.

Grand Total: 98 creatures vanquished

Notes
Turn   | Place    | Note
-------+----------+-------------------------------------------
     0 | D:1      | Sabo the Demonspawn Gladiator began the quest for the Orb.
     0 | D:1      | Reached XP level 1. HP: 16/16 MP: 1/1
   143 | D:1      | Gained mutation: You are partially covered in sharp spines.
                  | [demonic ancestry]
   143 | D:1      | Reached XP level 2. HP: 18/22 MP: 2/2
   597 | D:1      | Found a faded altar of an unknown god.
   622 | D:1      | Became a worshipper of Qazlal Stormbringer
   622 | D:1      | Reached * piety under Qazlal
   867 | D:1      | Gained mutation: You are mostly covered in sharp spines.
                  | [demonic ancestry]
   867 | D:1      | Reached XP level 3. HP: 25/27 MP: 3/3
  1322 | D:2      | Noticed Terence
  1327 | D:2      | Killed Terence
  1328 | D:2      | Reached skill level 1 in Armour
  1328 | D:2      | Reached XP level 4. HP: 32/33 MP: 4/4
  2091 | D:3      | Found an ancient bone altar of Kikubaaqudgha.
  2267 | D:3      | Found Zin's Purification Station.
  2280 | D:3      | Bought a potion of curing for 90 gold pieces
  3365 | D:4      | Reached ** piety under Qazlal
  3397 | D:4      | Noticed a black bear
  3406 | D:4      | Killed a black bear
  3407 | D:4      | Reached XP level 5. HP: 20/38 MP: 5/5
  3845 | D:4      | Reached skill level 1 in Stealth
  3947 | D:4      | Gained mutation: You have a pair of small antennae on your
                  | head. [demonic ancestry]
  3947 | D:4      | Reached XP level 6. HP: 41/45 MP: 6/6
  4990 | D:4      | Found a snail-covered altar of Cheibriados.
  5135 | D:5      | Entered Level 5 of the Dungeon
  5160 | D:5      | Noticed a sky beast
  5166 | D:5      | Killed a sky beast
  5167 | D:5      | Reached XP level 7. HP: 44/51 MP: 7/7
  5168 | D:5      | Reached skill level 5 in Axes
  5518 | D:5      | Found a hazy altar of Hepliaklqana.
  5858 | D:5      | Reached skill level 1 in Shields
  5954 | D:5      | Gained mutation: You are partially covered in icy blue
                  | scales. (AC +2) [demonic ancestry]
  5954 | D:5      | Reached XP level 8. HP: 57/57 MP: 8/8
  6327 | D:5      | Reached skill level 5 in Armour
  6367 | D:5      | Found a shimmering altar of Xom.
  6782 | D:6      | Mangled by an ice beast

Illustrated notes

Levels and vault maps discovered:
D:1:      eino_arrival_cavern_b, layout_basic,
          ebering_ecumenical_altar_sacrificial, minmay_misc_feat_cross
D:2:      layout_basic, kennysheep_generic_room_6, uniq_terence
D:3:      layout_basic, kiku_gazebo_garden_becter, zin_purify,
          mainiacjoe_overflow_alcove_1
D:4:      layout_cave_pods, cheibrodos_worm_habitat,
          minmay_a_box_with_orc_wizards_in_it
D:5:      layout_basic, nicolae_hepliaklqana_hazy_memory,
          nicolae_overflow_hidden_temple
D:6:      layout_rooms, mainiacjoe_overflow_alcove_2, nicolae_uskayaw_suspiria,
          lemuel_doored_altar, marbit_many_paths, serial_shops,
          kennysheep_mini_moat, uniq_crazy_yiuf_cottage

Skill      XL: |  1  2  3  4  5  6  7  8 |
---------------+-------------------------+-----
Dodging        | 3 4 |  4.3
Axes           | 3 4 5 |  5.9
Throwing       | 2 |  2.0
Armour         | 1 2 3 4 5 |  5.1
Stealth        | 1 2 |  2.2
Shields        | 1 2 |  2.2
Fighting       | 3 |  3.2

Action                   |  1- 3 |  4- 6 |  7- 9 || total
-------------------------+-------+-------+-------++-------
Melee: War axe           |    58 |    64 |    67 ||   189
  Use: Scroll            |       |     6 |     1 ||     7
       Potion            |       |       |     1 ||     1
Armor: Ring mail         |    26 |     7 |       ||    33
       Scale mail        |       |    13 |       ||    13
       Chain mail        |       |     4 |    41 ||    45
Dodge: Dodged            |    48 |    22 |    19 ||    89
       Repelled          |       |     1 |       ||     1
Block: Other             |     1 |    15 |    36 ||    52
